 Dungeon Crawl Stone Soup version 0.28.0-43-g3370ac3207 (webtiles) character file.

Game seed: 12993926622811069886

84 tizbic2 the Grave Robber (level 4, 0/30 HPs)
             Began as a Formicid Necromancer on Mar 8, 2022.
             Slain by Sigmund
             ... wielding a +0 scythe
              (7 damage)
             ... on level 3 of the Dungeon.
             The game lasted 00:12:15 (2276 turns).

tizbic2 the Grave Robber (Formicid Necromancer)     Turns: 2276, Time: 00:12:15

Health: 0/30       AC:  6    Str: 15    XL:     4   Next: 72%
Magic:  0/8        EV: 10    Int: 14    God:
Gold:   119        SH:  0    Dex: 11    Spells: 5/9 levels left

rFire   . . .      SeeInvis +   w - +2 dagger (venom)
rCold   . . .      Faith    .   (no shield)
rNeg    . . .      Spirit   +   d - +0 ring mail
rPois   .          Reflect  .   (helmet unavailable)
rElec   .          Harm     .   p - +0 cloak
rCorr   .          Rampage  .   (no gloves)
Will    +....                   (no boots)
Stlth   +.........              k - amulet of guardian spirit
HPRegen 0.10/turn               b - ring of willpower
MPRegen 0.11/turn               (no ring)

@: mighty, flying
A: permanent stasis, dig shafts and tunnels, antennae 3, four strong arms
a: Dig, Shaft Self


You were on level 3 of the Dungeon.
You visited 1 branch of the dungeon, and saw 3 of its levels.

You collected 119 gold pieces.

Inventory:

Hand Weapons
 a - a +0 dire flail
 q - a +0 flail
 w - a +2 dagger of venom (weapon)
Missiles
 c - a poisoned dart (quivered)
 f - 63 stones
 i - 2 throwing nets
Armour
 d - a +0 ring mail (worn)
 p - a +0 cloak (worn)
Jewellery
 b - a ring of willpower (left hand)
 k - an amulet of guardian spirit (around neck)
 m - an amulet of faith
Scrolls
 e - 2 scrolls of enchant armour {unknown}
 g - a scroll of blinking {unknown}
 j - a scroll of vulnerability {unknown}
 n - 2 scrolls of teleportation {unknown}
 o - a scroll of noise {unknown}
Potions
 h - a potion of flight


   Skills:
 * Level 3.0 Armour
 - Level 1.7 Dodging
 - Level 2.4 Stealth
 + Level 3.0 Spellcasting
 + Level 4.4 Necromancy


You had 5 spell levels left.
You knew the following spells:

 Your Spells              Type           Power      Damage    Failure   Level
a - Pain                  Necr           56%        1d6       7%          1
b - Vampiric Draining     Necr           14%        2d7       21%         3

Your spell library contained the following spells:

 Spells                   Type           Power      Damage    Failure   Level
 Animate Skeleton         Necr           28%        N/A       7%          1
 Animate Dead             Necr           7%         N/A       54%         4
 Agony                    Necr           14%        N/A       88%         5


Dungeon Overview and Level Annotations

Branches:
Dungeon (3/15)

Altars:
Xom

Annotations:
D:3 Sigmund


Innate Abilities, Weirdness & Mutations

You cannot be hasted, slowed, berserked, paralysed or teleported.
You can dig through walls and to a lower floor.
You have a pair of large antennae on your head. (SInv)
Your four strong arms can wield two-handed weapons with a shield.


Message History

You kill the goblin!
You start resting.
Magic restored.
You start resting.
HP restored.
You climb downwards.
Level annotation: Sigmund Sigmund points at you and mumbles some strange words.
You resist with almost no effort.
Sigmund casts a spell.
Sigmund flickers and vanishes for a moment.
There is a stone staircase leading up here.
Sigmund hits you from afar with a +0 scythe.
You closely miss Sigmund.
Sigmund zaps a wand.
You resist with almost no effort.
You closely miss Sigmund.
Sigmund zaps a wand.
You resist with almost no effort.
The now-empty wand crumbles to dust.
You hit Sigmund.
Sigmund is lightly wounded.
Sigmund closely misses you.
You hit Sigmund. You punch Sigmund.
Sigmund is moderately wounded.
Sigmund casts a spell at you. The magic dart hits you.
You closely miss Sigmund.
Sigmund is moderately wounded.
Sigmund gestures at you while chanting. The puff of flame hits you!
You hit Sigmund but do no damage.
Sigmund is poisoned.
Sigmund is moderately wounded.
Sigmund hits you with a +0 scythe!
* * * LOW HITPOINT WARNING * * *
Okay, then.
It was a potion of flight.
You feel very buoyant.
You fly up into the air.
It was a potion of might.
You feel very mighty all of a sudden. Sigmund hits you with a +0 scythe!
You die...

{ . . .. .. ... .. ... #.#####..
...#################........
..............<..................
.......########....#.......[.....
##+##'#........#@#'#...# #......
........######'#@......## #......
........................# #......
........####.......(....# #......
............#...##..(...###......
.....>..........'.......'.'......
................##.#.PPP###......
..)................#P.≈P≈##......
..............†...P≈P≈P≈PP.....@.


You could see Sigmund (invisible, very poisoned).

Vanquished Creatures
  4 adders
  2 orcs
  2 bats (D:2)
  3 endoplasms (D:2)
  2 giant cockroaches
  7 goblins
  7 hobgoblins
  7 kobolds
  2 quokkas (D:2)
  2 ball pythons (D:1)
  3 frilled lizards
  2 rats
43 creatures vanquished.

Notes
Turn   | Place    | Note
-------+----------+-------------------------------------------
     0 | D:1      | tizbic2 the Formicid Necromancer began the quest for the
                  | Orb.
     0 | D:1      | Reached XP level 1. HP: 13/13 MP: 3/3
    83 | D:1      | Reached skill level 1 in Armour
    83 | D:1      | Reached XP level 2. HP: 9/19 MP: 3/5
   824 | D:1      | Reached XP level 3. HP: 12/24 MP: 4/6
  1459 | D:2      | Reached XP level 4. HP: 30/30 MP: 8/8
  1827 | D:2      | Learned a level 3 spell: Vampiric Draining
  1932 | D:3      | Found a shimmering altar of Xom.
  1938 | D:3      | Found a shimmering altar of Xom.
  1938 | D:3      | Found a shimmering altar of Xom.
  1938 | D:3      | Found a shimmering altar of Xom.
  2138 | D:3      | Noticed Sigmund
  2276 | D:3      | Slain by Sigmund

Illustrated notes

Levels and vault maps discovered:
D:1:      lightli_arrival_windingriver, layout_basic, minmay_tall_x
D:2:      minmay_door_path, layout_basic
D:3:      layout_basic, lemuel_doored_altar, xom_redecorated,
          shapermc_ecumenical_altar_pompeii, gammafunk_ghost_gnarly_gnolls,
          serial_bayou_pond_c, kennysheep_generic_room_16,
          uniq_crazy_yiuf_cottage, uniq_ijyb, uniq_sigmund

Skill      XL: |  1  2  3  4 |
---------------+-------------+-----
Armour         | 1 2 3 |  3.0
Spellcasting   | 3 |  3.0
Dodging        | |  1.7
Stealth        | |  2.4
Necromancy     | |  4.4

Action                   |  1- 3 |  4- 6 || total
-------------------------+-------+-------++-------
Melee: Unarmed           |    10 |       ||    10
       Dagger            |    51 |    38 ||    89
       Dire flail        |       |    10 ||    10
       Punch             |       |     1 ||     1
Throw: Dart              |    22 |     7 ||    29
 Cast: Pain              |    15 |     1 ||    16
       Vampiric Draining |       |     1 ||     1
  Use: Potion            |     1 |     2 ||     3
 Stab: Sleeping          |     1 |     1 ||     2
Armor: Robe              |     3 |       ||     3
       Ring mail         |    23 |    14 ||    37
Dodge: Dodged            |    48 |    25 ||    73
